Map: Lerilak Crest

Players

Knollsen - Winner!

  • Race: Terran Terran
  • League: Gold

capac

  • Race: Terran Terran
  • League: Gold

VOD

Have the link to the VOD?

Description

Time

  • Played on: March 20, 2016, 2:32 p.m.
  • Length: 17:57
Show
View Real Time Build Order
Export as new Build Order

Knollsen Terran - Winner!

Build Orders:  

Get SALT Encoding   

  12  0:01  SCV  
  13  0:13  SCV  
  14  0:17  Supply Depot  
  14  0:25  SCV  
  15  0:39  SCV  
  15  0:40  Barracks  
  16  0:45  Refinery  
  16  0:51  SCV  
  17  1:03  SCV  
  18  1:27  Marine, Orbital Command  
  18  1:29  Supply Depot  
  19  1:45  Factory, Marine  
  20  1:53  SCV  
  21  2:01  Refinery  
  21  2:03  Marine  
  21  2:05  SCV  
  23  2:17  Supply Depot, SCV  
  23  2:21  Marine  
  25  2:29  SCV  
  26  2:31  Starport  
  26  2:32  Factory Tech Lab  
  26  2:39  Marine  
  26  2:41  SCV  
  28  2:45  Engineering Bay  
  28  2:52  Siege Tank  
  28  2:56  Marine  
  32  3:02  SCV  
  33  3:09  Viking  
  35  3:13  Supply Depot  
  35  3:14  Marine  
  36  3:21  SCV  
  37  3:33  SCV  
  38  3:35  Supply Depot, Siege Tank  
  38  3:40  Marine  
  42  3:48  Supply Depot  
  42  3:51  Viking  
  44  3:57  Marine  
  45  4:04  SCV  
  45  4:08  Siege Tank  
  49  4:15  Marine  
  49  4:16  SCV  
  51  4:18  Supply Depot  
  51  4:25  Viking  
  53  4:33  Marine  
  54  5:03  Siege Tank, SCV  
  58  5:08  Supply Depot, Command Center  
  58  5:26  Viking  
  60  5:43  Marine, Siege Tank  
  60  5:47  Supply Depot  
  64  5:56  Viking  
  66  6:01  Marine  
  67  6:14  SCV  
  68  6:22  Orbital Command, Command Center  
  68  6:26  Marine, SCV  
  70  6:38  Viking  
  72  6:44  Marine  
  73  7:08  Viking  
  75  7:15  Starport  
  75  7:16  Factory, Orbital Command  
  75  7:21  Marine  
  76  7:23  Siege Tank  
  79  7:38  Viking, Marine  
  79  7:39  Refinery  
  79  7:40  Missile Turret  
  79  7:42  Refinery  
  82  7:48  SCV  
  77  8:08  Viking  
  77  8:27  SCV  
  77  8:28  Orbital Command  
  77  8:30  SCV  
  77  8:32  Factory Tech Lab  
  77  8:33  Starport Tech Lab  
  78  8:38  Viking, Missile Turret  
  78  8:39  SCV, Barracks Reactor  
  81  8:42  SCV  
  82  8:51  Siege Tank, SCV  
  82  8:54  SCV  
  87  8:59  Viking  
  87  9:27  Barracks Reactor  
  87  9:29  Viking  
  89  9:35  Starport  
  89  9:37  Viking  
  89  9:39  Missile Turret  
  88  9:55  SCV x3  
  88  9:58  Viking  
  88  9:59  Viking  
  95  10:07  Viking, SCV x3  
  95  10:12  Siege Tank  
  103  10:28  Viking  
  105  10:34  Orbital Command  
  105  10:35  Viking  
  105  10:36  Viking  
  105  10:39  SCV  
  110  10:59  Viking x2  
  114  11:04  Refinery  
  114  11:05  Command Center  
  114  11:06  Viking  
  114  11:07  Missile Turret x2  
  116  11:12  Refinery, Missile Turret  
  116  11:18  Missile Turret  
  116  11:29  Supply Depot  
  116  11:32  Supply Depot  
  116  11:35  Viking x2  
  116  11:39  Viking x2  
  127  12:02  SCV x2  
  127  12:03  SCV  
  124  12:24  Siege Tank x2  
  124  12:25  Viking x2, Armory  
  124  12:27  Armory  
  134  12:32  Orbital Command  
  134  12:37  Raven  
  136  12:48  Missile Turret  
  136  12:50  Missile Turret  
  135  13:06  Missile Turret  
  135  13:08  Missile Turret  
  135  13:09  Viking, Missile Turret  
  137  13:15  Viking  
  139  13:28  Supply Depot  
  139  13:30  Supply Depot  
  139  13:32  Supply Depot  
  139  13:33  Supply Depot  
  139  13:35  Viking  
  141  13:45  Siege Tank  
  141  13:46  Siege Tank  
  147  13:58  Factory  
  147  14:03  Factory  
  146  14:22  Siege Tank x2  
  146  14:24  Viking x2  
  156  14:33  Viking x2  
  160  14:54  Supply Depot, Siege Tank  
  160  14:55  Siege Tank  
  160  14:57  Factory Tech Lab x2  
  160  14:59  Supply Depot  
  166  15:02  Supply Depot  
  166  15:06  Raven  
  168  15:13  Orbital Command  
  168  15:20  Siege Tank  
  168  15:21  Thor  
  177  15:26  Thor  
  177  15:27  Terran Vehicle Weapons Level 1  
  183  15:45  Supply Depot  
  183  15:47  Thor  
  189  15:57  Siege Tank  
  192  16:06  Refinery  
  192  16:07  Refinery  
  192  16:09  Barracks  
  192  16:10  Barracks  
  192  16:14  Supply Depot  
  192  16:15  Thor  
  198  16:21  Command Center  
  181  17:09  Siege Tank x4  
  181  17:10  Viking x2  
Show
View Real Time Build Order
Export as new Build Order

capac Terran 

Build Orders:  

Get SALT Encoding   

  12  0:00  SCV  
  13  0:13  SCV  
  14  0:17  Supply Depot  
  14  0:26  SCV  
  15  0:39  SCV  
  15  0:42  Barracks  
  16  0:46  Refinery  
  16  0:51  SCV  
  17  1:03  SCV  
  18  1:15  SCV  
  19  1:27  SCV  
  19  1:32  Barracks Reactor  
  20  1:37  Command Center  
  20  1:46  Orbital Command  
  20  1:57  Supply Depot  
  20  2:08  Marine  
  21  2:09  Marine  
  21  2:15  SCV  
  23  2:23  Factory  
  23  2:26  Refinery  
  23  2:28  Marine x2  
  25  2:30  SCV  
  26  2:41  Engineering Bay  
  26  2:58  Orbital Command  
  26  3:04  Marine x2  
  28  3:08  Factory Reactor  
  28  3:09  Starport  
  28  3:10  Factory Tech Lab  
  28  3:11  SCV  
  29  3:29  Siege Tank  
  29  3:31  SCV, Missile Turret  
  33  3:36  Marine x2  
  35  3:44  SCV x2  
  37  3:51  Medivac  
  39  3:58  SCV x2  
  39  3:59  Supply Depot  
  39  4:02  Refinery  
  41  4:09  Marine  
  42  4:11  Missile Turret  
  42  4:17  Marine  
  42  4:20  SCV x2  
  45  4:26  Starport Reactor  
  45  4:31  Marine  
  46  4:36  Command Center  
  46  4:38  Marine  
  46  4:45  Bunker  
  45  5:19  Viking  
  45  5:29  Viking  
  46  5:37  Marine  
  46  5:48  Marine, Siege Tank  
  50  5:55  Viking  
  52  5:58  Marine  
  52  5:59  Viking  
  55  6:06  Marine  
  54  6:43  Starport  
  54  6:45  Supply Depot  
  49  7:03  Orbital Command  
  49  7:06  Viking x2  
  49  7:08  Supply Depot  
  53  7:23  Starport Reactor  
  53  7:29  Siege Tank  
  56  7:45  Viking x2  
  59  8:02  Siege Tank  
  56  8:14  Viking x2  
  60  8:35  Marine x2  
  62  9:22  Missile Turret  
  62  10:07  Viking, Marine  
  62  10:29  Liberator x2  
  62  10:37  Supply Depot  
  68  10:59  Siege Tank  
  68  11:02  Liberator  
  68  11:03  Liberator  
  71  11:12  Command Center  
  76  12:06  Liberator x2  
  76  12:09  SCV  
  76  12:10  SCV  
  76  12:15  Supply Depot  
  84  12:33  Liberator x2  
  90  12:55  Armory  
  90  12:56  SCV x2  
  92  13:00  Refinery x2  
  92  13:05  Missile Turret  
  92  13:06  Missile Turret  
  92  13:08  SCV x2  
  92  13:10  Command Center  
  94  13:20  SCV x2  
  94  13:24  Orbital Command  
  96  13:27  Liberator  
  96  13:44  Refinery  
  96  13:46  Refinery  
  99  13:52  Liberator  
  99  13:53  Missile Turret  
  99  13:55  SCV  
  99  13:56  Orbital Command  
  100  14:08  Supply Depot  
  101  14:16  SCV  
  101  14:18  Liberator  
  101  14:19  Liberator  
  101  14:22  SCV  
  101  14:23  SCV  
  103  14:28  SCV  
  104  14:34  SCV  
  111  14:39  Supply Depot  
  111  14:53  Factory  
  111  14:56  Starport  
  111  15:08  SCV x2  
  111  15:09  SCV  
  114  15:20  SCV x2  
  116  15:26  SCV  
  117  15:32  Supply Depot, SCV  
  117  15:35  Starport Reactor, Armory  
  118  15:38  Starport, Terran Ship Weapons Level 1  
  118  15:47  Armory  
  118  15:51  SCV x3  
  118  15:54  Planetary Fortress  
  121  16:05  Refinery  
  121  16:06  SCV x3  
  121  16:07  Refinery  
  124  16:17  Supply Depot x2  
  124  16:18  Starport Tech Lab  
  124  16:22  Starport  
  90  17:04  Viking x7  
  90  17:05  Viking  
Tags
 
League
GoldGold
Matchup
TvT
Race
Terran
Add a new tag
Caveats
  • Supply blocks, unpowered buildings, or Contaminate may cause inaccurate times.
  • Supply counts are checked every 10 seconds.